 Dungeon Crawl Stone Soup version 0.17.1-2-g5865329 (webtiles) character file.

317 siprus the Skirmisher (level 6, 49/49 (50) HPs)
             Began as a Demonspawn Monk on Jan 26, 2016.
             Was an Initiate of Ru.
             Quit the game on level 4 of the Dungeon.
             The game lasted 00:03:30 (1291 turns).

siprus the Skirmisher (Demonspawn Monk)             Turns: 1291, Time: 00:03:30

HP:   49/49 (50)    AC:  8    Str: 13    XL:     6   Next: 20%
MP:   6/6           EV:  6    Int: 11    God:    Ru [......]
Gold: 69            SH:  0    Dex: 16    Spells: 0 memorised, 5 levels left

rFire  . . .     SeeInvis .     f - +0 flail
rCold  . . .     Clarity  .     g - +0 chain mail
rNeg   . . .     SustAt   .     (no shield)
rPois  .         Gourm    .     (helmet restricted)
rElec  .         Spirit   .     (no cloak)
rCorr  .         Warding  .     (no gloves)
rMut   +         Stasis   .     (no boots)
MR     .....                    i - amulet of resist mutation
Stlth  ..........               (no ring)
                                (no ring)

@: not resistant to hostile enchantments, extremely unstealthy
A: horns 2
a: Sacrifice Health, Sacrifice Artifice, Sacrifice Words, Reject Sacrifices,
Renounce Religion


You were on level 4 of the Dungeon.
You worshipped Ru.
Ru was noncommittal.
You were not hungry.

You visited 2 branches of the dungeon, and saw 6 of its levels.

You collected 69 gold pieces.

Inventory:

Hand Weapons
 f - a +0 flail (weapon)
Armour
 g - a +0 chain mail (worn)
Jewellery
 i - an amulet of resist mutation (around neck)
Scrolls
 c - a scroll of teleportation {unknown}
 d - a scroll of fear {unknown}
 e - 2 scrolls of identify {unknown}
 j - 2 scrolls of enchant armour {unknown}
Potions
 a - a potion of resistance {unknown}
 h - a potion of poison {unknown}
 k - a potion of haste {unknown}
Books
 m - a book of Fire

   Spells                             Type                      Level
   a - Ignite Poison                  Fire/Transmutation/Poison    3
   b - Fireball                       Conjuration/Fire             5
   c - Bolt of Fire                   Conjuration/Fire             6
   d - Delayed Fireball               Conjuration/Fire             7
   e - Ring of Flames                 Charms/Fire                  7
Comestibles
 b - 2 bread rations
 l - a beef jerky


   Skills:
 + Level 4.9 Fighting
 * Level 3.3 Maces & Flails
 + Level 2.4 Armour
 - Level 2.6 Dodging
 - Level 1.7 Stealth
 - Level 3.6 Unarmed Combat


You had 5 spell levels left.
You didn't know any spells.

Dungeon Overview and Level Annotations

Branches:
Dungeon (5/15)             Temple (1/1) D:4

Altars:
Ashenzari
Cheibriados
Dithmenos
Elyvilon
Fedhas
Gozag
Kikubaaqudgha
Makhleb
Ru
Sif Muna
Trog
Vehumet
Xom
The Shining One


Innate Abilities, Weirdness & Mutations

You have a pair of horns on your head.


Message History

Done exploring.
There is a staircase back to the Dungeon here.
You climb upwards.
Welcome back to the Dungeon!
There is a staircase to the Ecumenical Temple here.
You can't go up here!
You can't go up here!
You can't go up here!
You open the door.
There is an open door here.
Found 18 stones.
You see here 18 stones.
k - a ruby potion You see here a tomahawk.
You see here a tomahawk.
You open the door.
There is an open door here.
There is an open door here.
Found a stone staircase leading up.
Found 5 needles of slowing.
Found a stone staircase leading down.
Are you sure you want to abandon this character and quit the game? (Confirm with "yes".)

#....## #.# #..###
#.#... #..# #.#..#
##.# #.#..# #.#
#.#..# #.# #.#>(#
#.# #.#..# #.#
#.#/.#
##.###########.@#
#................<#
#....##########.#.#
#...........( ...%#
#.##.######## #.###
##.##.# #.# .<.##.#
#.# .#.##.# #.#
.....#.......


There were no monsters in sight!

Vanquished Creatures
  A necrophage (D:4)
  2 giant frog skeletons (D:4)
  An orc wizard (D:4)
  An orc priest (D:4)
  Terence (D:2)
  A worker ant (D:4)
  2 adders
  An ooze (D:4)
  2 giant geckos (D:2)
  6 orcs (D:4)
  4 bats
  3 goblins
  5 hobgoblins
  5 jackals
  A kobold (D:3)
  A giant cockroach (D:4)
  2 giant newts
39 creatures vanquished.

Notes
Turn   | Place    | Note
--------------------------------------------------------------
     0 | D:1      | siprus the Demonspawn Monk began the quest for the Orb.
     0 | D:1      | Reached XP level 1. HP: 18/18 MP: 1/1
   164 | D:2      | Noticed Terence
   175 | D:2      | Gained mutation: You have a pair of small horns on your head. [demonic ancestry]
   175 | D:2      | Reached XP level 2. HP: 17/24 MP: 2/2
   200 | D:2      | Killed Terence
   200 | D:2      | Reached skill level 4 in Fighting
   200 | D:2      | Reached skill level 1 in Armour
   200 | D:2      | Reached XP level 3. HP: 18/30 MP: 3/3
   351 | D:2      | Reached skill level 1 in Maces & Flails
   591 | D:4      | Reached XP level 4. HP: 34/37 MP: 4/4
   704 | D:4      | Gained mutation: You have a pair of horns on your head. [demonic ancestry]
   704 | D:4      | Reached XP level 5. HP: 33/43 MP: 5/5
   738 | D:5      | Entered Level 5 of the Dungeon
   814 | D:4      | Noticed a necrophage
   827 | D:4      | Killed a necrophage
   827 | D:4      | Reached XP level 6. HP: 30/49 MP: 6/6
   962 | D:4      | Found a staircase to the Ecumenical Temple.
   968 | Temple   | Entered the Ecumenical Temple
  1000 | Temple   | Became a worshipper of Ru the Awakened
  1291 | D:4      | Quit the game

Action                   |  1- 3 |  4- 6 || total
-------------------------+-------+-------++-------
Melee: Unarmed           |    55 |       ||    55
       Flail             |    48 |    70 ||   118
  Use: Potion            |     1 |       ||     1
 Stab: Sleeping          |     2 |       ||     2
  Eat: Pizza             |       |     1 ||     1
